 Dungeon Crawl Stone Soup version 0.27-a0-1049-g450f9b2e0d (webtiles) character file.

Game seed: 18088173203129091568

105 Flubbersnuff the Chopper (level 4, -9/58 HPs)
             Began as a Palentonga Berserker on Apr 20, 2021.
             Was a Believer of Trog.
             Mangled by a wyvern (14 damage)
             ... on level 3 of the Dungeon.
             The game lasted 00:07:42 (2916 turns).

Flubbersnuff the Chopper (Palentonga Berserker)     Turns: 2916, Time: 00:07:42

Health: -9/58      AC:  9    Str: 22    XL:     4   Next: 53%
Magic:  4/4        EV:  4    Int:  7    God:    Trog [**....]
Gold:   76         SH:  0    Dex:  9    Spells: 3/3 levels left

rFire    . . .     SeeInvis +   a - +0 hand axe
rCold    . . .     Faith    .   (no shield)
rNeg     + . .     Spirit   .   f - +0 plate armour
rPois    .         Reflect  .   (no helmet)
rElec    .         Harm     .   (no cloak)
rCorr    .         Rampage  .   (no gloves)
Will     .....                  (no barding)
Stlth    ..........             (no amulet)
HPRegen  0.19/turn              e - ring of positive energy
MPRegen  0.09/turn              (no ring)

@: berserking, very quick
A: large, rugged brown scales 3, see invisible, deformed body, roll 1, armoured
tail
a: Rolling Charge, Renounce Religion, Berserk, Trog's Hand


You were on level 3 of the Dungeon.
You worshipped Trog.
Trog was pleased with you.
You visited 1 branch of the dungeon, and saw 3 of its levels.

You collected 76 gold pieces.

Inventory:

Hand Weapons
 a - a +0 hand axe (weapon)
Armour
 f - a +0 plate armour (worn)
Jewellery
 e - a ring of positive energy (left hand)
Scrolls
 c - 4 scrolls of teleportation {unknown}
 d - 5 scrolls of identify {unknown}
 h - a scroll of brand weapon {unknown}
Potions
 b - a potion of brilliance {unknown}
 g - a potion of might {unknown}


   Skills:
 + Level 3.7 Fighting
 * Level 4.3 Axes
 + Level 2.3 Armour
 - Level 1.5 Dodging


You had 3 spell levels left.
You didn't know any spells.
Your spell library was empty.

Dungeon Overview and Level Annotations

Branches:
Dungeon (3/15)

Altars:


Innate Abilities, Weirdness & Mutations

You are completely covered in rugged brown scales. (AC +3, +7% HP)
You have supernaturally acute eyesight. (SInv)
Armour fits poorly on your strangely shaped body.
You can roll at nearby foes to attack.
You have a long armoured tail.


Message History

You feel sick. The adder bites you. The adder barely misses you.
You slash the adder!
You kill the adder!
Trog accepts your kill.
You miss the adder.
You feel sick. The adder bites you but does no damage. The adder bites you.
Your plate armour prevents you from hitting the adder.
You tail-slap the adder!
You kill the adder!
Trog accepts your kill.
You feel sick.
Unknown command.
You feel sick.
Unknown command.
You feel sick. The endoplasm freezes you.
You are frozen.
You slash the endoplasm!
You kill the endoplasm!
Trog accepts your kill.
You feel sick.
You are no longer poisoned.
No target in view!
No target in view!
A wyvern comes into view.
The wyvern barely misses you. The wyvern bites you!
You hit the wyvern.
You tail-slap the wyvern, but do no damage.
The wyvern is lightly wounded.
The wyvern bites you! x2
* * * LOW HITPOINT WARNING * * *
You are too injured to fight recklessly!
You are too injured to fight recklessly!
You are too injured to fight recklessly!
You are too injured to fight recklessly!
You are too injured to fight recklessly!
You are too injured to fight recklessly!
A red film seems to cover your vision as you go berserk!
You feel yourself moving faster!
You feel mighty! The wyvern bites you!
You die...

####. ..... .. . .....
#.#.# .#.# ##.#.##.#.###.
##.............
##.............. ##
#............... .##
#............... ..#
#............... ..#
#......@........ ..#
###......l........
..######.................
......<..................
.#...............##.....#
.#.#......#..###$# #####
...#.#...........(.
...................
....##...........


You could see a wyvern.

Vanquished Creatures
  A gnoll (D:1)
  3 adders
  A worm (D:2)
  3 dart slugs
  3 ball pythons
  3 bats
  7 endoplasms
  3 giant cockroaches
  5 goblins
  4 hobgoblins
  12 jackals
  2 quokkas
  A frilled lizard (D:1)
  4 rats
52 creatures vanquished.

Vanquished Creatures (others)
  15 fungi (D:1)
15 creatures vanquished.

Grand Total: 67 creatures vanquished

Notes
Turn   | Place    | Note
-------+----------+-------------------------------------------
     0 | D:1      | Flubbersnuff the Palentonga Berserker began the quest for
                  | the Orb.
     0 | D:1      | Reached XP level 1. HP: 19/19 MP: 1/1
    40 | D:1      | Reached XP level 2. HP: 15/25 MP: 2/2
   819 | D:1      | Reached XP level 3. HP: 20/31 MP: 3/3
  1388 | D:2      | Found a faded altar of an unknown god.
  1415 | D:2      | Reached ** piety under Trog
  1738 | D:2      | Reached skill level 4 in Axes
  2422 | D:2      | Reached XP level 4. HP: 18/37 MP: 4/4
  2911 | D:3      | Noticed a wyvern
  2916 | D:3      | Mangled by a wyvern

Illustrated notes

Levels and vault maps discovered:
D:1:      scummos_arrival_checkerplants, layout_loops_ring,
          minmay_misc_feat_four_crosses
D:2:      layout_loops_ring, ebering_ecumenical_altar_rust,
          nrook_mini_backslash, minmay_hexomino_c4
D:3:      layout_rooms, overflow_temple_1_default, serial_glass,
          glass_columns_c, glass_columns_a, minivault_5, st_stairs_3,
          uniq_jessica

Skill      XL: |  1  2  3 |
---------------+----------+-----
Armour         | 2 |  2.3
Axes           | 4 |  4.3
Fighting       | |  3.7
Dodging        | |  1.5

Action                   |  1- 3 |  4- 6 || total
-------------------------+-------+-------++-------
Melee: Hand axe          |   128 |    30 ||   158
       Tailslap          |    12 |     4 ||    16
Invok: Berserk           |     2 |     1 ||     3
 Abil: Rolling Charge    |     6 |     1 ||     7
Armor: Animal skin       |    28 |       ||    28
       Plate armour      |    51 |    38 ||    89
Dodge: Dodged            |    51 |     9 ||    60

Table legend: (Time is in decaauts)
 A = Elapsed time spent in this place.
 B = Non-inter-level travel time spent in this place.
 C = Inter-level travel time spent in this place.
 D = Time resting spent in this place.
 E = Time spent auto-exploring this place.
 F = Levels seen in this place.
 G = Mean time per level.
                   A        B        C        D        E       F      G
               +--------+--------+--------+--------+--------+-----+--------+
         Total |   2960 |   2738 |    222 |    432 |   1896 |   3 |  986.7 |
       Dungeon |   2960 |   2738 |    222 |    432 |   1896 |   3 |  986.7 |
               +--------+--------+--------+--------+--------+-----+--------+

Top non-repeatable levels by time:
     D:1: 1472 daAuts
     D:2: 1177 daAuts
     D:3: 310 daAuts
